 Dungeon Crawl Stone Soup version 0.17.0-24-gcfadda4 (console) character file.

100701 Kloppie the Severer (level 15, -7/147 HPs)
             Began as a Deep Dwarf Venom Mage on Nov 15, 2015.
             Was the Champion of Makhleb.
             Mangled by a black mamba (10 damage)
             ... on level 1 of the Snake Pit on Nov 16, 2015.
             The game lasted 01:50:35 (27510 turns).

Kloppie the Severer (Deep Dwarf Venom Mage)        Turns: 27510, Time: 01:50:36

Health: -7/147     AC: 15    Str: 13    XL:     15   Next: 81%
Magic:  3/15       EV: 24    Int: 21    God:    Makhleb [******]
Gold:   2591       SH:  0    Dex: 13    Spells: 2 memorised, 11 levels left

rFire  + . .     SeeInvis .     a - +2 battleaxe (freeze)
rCold  . . .     Clarity  .     O - +2 ring mail {rF+}
rNeg   + + +     SustAt   .     (shield currently unavailable)
rPois  +         Gourm    .     t - +0 helmet
rElec  +         Spirit   .     T - +2 cloak
rCorr  .         Warding  +     N - +0 pair of gloves
rMut   .         NoTele   +     o - +1 pair of boots
MR     ++...                    J - amulet of Cekugob {Ward -Tele rElec rPois rN++ AC+1 EV+1}
Stlth  +.........               h - +5 ring of evasion
                                p - ring of magical power

@: corroded equipment, non-regenerating, studying Poison Magic, very resistant
to hostile enchantments, very unstealthy
A: damage resistance, recharge devices, negative energy resistance 1, sense
surroundings 2, slow regeneration 3
a: Device Recharging, Minor Destruction, Lesser Servant of Makhleb, Major
Destruction, Greater Servant of Makhleb, Renounce Religion


You were on level 1 of the Snake Pit.
You worshipped Makhleb.
Makhleb was exalted by your worship.
You were not hungry.

You visited 5 branches of the dungeon, and saw 29 of its levels.
You also visited: Ossuary, Ice Cave and Volcano.

You collected 3113 gold pieces.
You spent 522 gold pieces at shops.

Inventory:

Hand Weapons
 a - a +2 battleaxe of freezing (weapon)
 b - a +2 broad axe of flaming
Armour
 o - a +1 pair of boots (worn)
 q - the +1 ring mail "Kygaq" {Int+3, unknown}
   (You found it on level 1 of the Snake Pit)

   It affects your intelligence (+3).
 t - a +0 helmet (worn)
 N - a +0 pair of gloves (worn)
 O - a +2 ring mail of fire resistance (worn)
 P - a +2 robe of fire resistance
 T - a +2 cloak (worn)
Jewellery
 e - an uncursed ring of protection from magic
 f - an uncursed ring of protection from cold
 h - a +5 ring of evasion (right hand)
 p - a ring of magical power (left hand)
 x - the ring "Odiurche" {SustAt rN+ Dex+3}
   (You found it on level 7 of the Lair of Beasts)

   [ring of sustain attributes]

   It sustains your strength, intelligence and dexterity.
   It affects your dexterity (+3).
   It protects you from negative energy.
 A - an uncursed amulet of resist mutation
 J - the amulet of Cekugob (around neck) {Ward -Tele rElec rPois rN++ AC+1 EV+1}
   (You bought it in a shop on level 5 of the Dungeon)

   [amulet of warding]

   It may prevent the melee attacks of summoned creatures.
   It affects your AC (+1).
   It affects your evasion (+1).
   It insulates you from electricity.
   It protects you from poison.
   It greatly protects you from negative energy.
   It prevents most forms of teleportation.
 X - an uncursed amulet of clarity
Wands
 c - a wand of heal wounds (0)
 l - a wand of disintegration (0)
 n - a wand of digging (14)
 S - a wand of teleportation (4)
Scrolls
 g - 9 scrolls of remove curse
 r - 7 scrolls of teleportation
 y - 3 scrolls of magic mapping
 z - 3 scrolls of enchant weapon
 B - a scroll of acquirement
 F - 4 scrolls of enchant armour
 L - 3 scrolls of fog
 V - 4 scrolls of fear
 W - 4 scrolls of blinking
Potions
 k - 8 potions of curing
 m - 3 potions of heal wounds
 u - 3 potions of might
 v - a potion of cancellation
 D - 4 potions of haste
 E - 6 potions of agility
 M - a potion of berserk rage {unknown}
 Q - 6 potions of cure mutation {unknown}
Books
 i - a manual of Poison Magic
 w - a Young Poisoner's Handbook

   Spells                             Type                      Level
   a - Sting                          Conjuration/Poison           1
   b - Cure Poison                    Poison                       2
   c - Mephitic Cloud                 Conjuration/Poison/Air       3
   d - Olgreb's Toxic Radiance        Poison                       4
   e - Venom Bolt                     Conjuration/Poison           5
Miscellaneous
 G - a crystal ball of energy
Comestibles
 d - 15 bread rations
 j - 12 meat rations


   Skills:
 - Level 13.1 Fighting
   Level 3.0 Short Blades
 - Level 15.6 Axes
 - Level 11.0 Armour
 + Level 13.9 Dodging
 - Level 2.4 Stealth
 - Level 1.7 Spellcasting
 + Level 8.0 Conjurations
 - Level 12.0 Poison Magic
 - Level 6.6 Invocations


You had 11 spell levels left.
You knew the following spells:

 Your Spells              Type           Power        Failure   Level  Hunger
a - Sting                 Conj/Pois      ####         1%          1    #......
b - Venom Bolt            Conj/Pois      #####.....   14%         5    ######.


Dungeon Overview and Level Annotations

Branches:
Dungeon (15/15)            Temple (1/1) D:4            Lair (8/8) D:11
 Shoals (0/4) Lair:4        Snake (1/4) Lair:5        Slime (0/6) Lair:7
    Orc (4/4) D:12            Elf (0/3) Orc:4        Vaults (0/5) D:14
 Depths: D:15

Altars:
Ashenzari
Cheibriados
Dithmenos
Elyvilon
Fedhas
Gozag
Kikubaaqudgha
Makhleb
Nemelex Xobeh
Okawaru
Qazlal
Ru
Sif Muna
Trog
Vehumet
Xom
Yredelemnul
Zin
The Shining One
Beogh

Shops:
D:5 =   Orc:2 :   Orc:3 %   Orc:4 *%(}

Portals:
Trove: D:13 (give 2 scrolls of acquirement)

Annotations:
Snake:1 Frances


Innate Abilities, Weirdness & Mutations

You are resistant to damage.
You can recharge devices by infusing magical energy.
You resist negative energy.
You passively map the area around you.
You do not regenerate naturally.


Message History

Frances is almost dead.
You miss the black mamba.
The black mamba is severely wounded.
You hit the rust devil.
The rust devil is moderately wounded.
You hit the rust devil. You freeze the rust devil.
The rust devil is severely wounded.
The rust devil barely misses you.
The black mamba bites you but does no damage.
Frances completely misses you. The rust devil completely misses you.
You hit Frances but do no damage.
Frances is almost dead.
You slash the rust devil! You freeze the rust devil.
You kill the rust devil!
You hit the rust devil.
The rust devil is heavily wounded.
You hit the black mamba but do no damage.
The black mamba is severely wounded.
The black mamba bites you!
You die...

,, #....
#............. * ,
,,,
#....##...))).......*
* ,,
#..........<......(.
* *
.........รทรท........
................... ,
* ####..............
,
######..............
*, , ,
#.........S.........
*
#......4.@4.........
, **
######...@......... ,
, ** ,
######.>........... ,
, #...(..............
, , **
*#..................
* #.................#
#######..........## ,
,*######...........#
, ,
#....(...........#* ,
,


You could see Frances, a rust devil, a black mamba and a red devil.

Vanquished Creatures
  A frost giant (IceCv)
  An orc warlord (Orc:4)
  6 dire elephants (Lair:8)
  6 hydras
  A naga warrior (Snake:1)
  2 anacondas
  A tengu warrior (D:13)
  3 centaur warriors
  10 death yaks
  A naga sharpshooter (Snake:1)
  Urug (Orc:3)
  4 orc high priests (Orc:4)
  The ghost of bezhaha the Martial Artist, a novice DgTm (D:9)
  A swamp dragon (shapeshifter) (D:14)
  2 unseen horrors
  6 hill giants
  Pikel (D:7)
  A wolf spider zombie (D:14)
  2 oklob plants
  3 orc knights (Orc:4)
  3 manticores
  2 cyclopes
  6 ugly things
  A hornet (shapeshifter) (D:13)
  6 orc sorcerers
  3 mana vipers (Snake:1)
  15 elephants
  6 black mambas
  Joseph (D:8)
  An ice statue (IceCv)
  A guardian serpent (Snake:1)
  2 gargoyles
  13 spiny frogs
  7 komodo dragons
  3 fire drakes
  3 yaktaurs (Volcano)
  2 tengu conjurers (D:14)
  4 trolls
  14 polar bears (IceCv)
  4 two-headed ogres
  Prince Ribbit (D:6)
  A boulder beetle (Lair:6)
  4 blink frogs
  A shadow (D:12)
  A trapdoor spider (D:10)
  A spriggan (D:7)
  Sigmund (D:2)
  A spriggan (shapeshifter) (D:14)
  13 hippogriffs
  A human (shapeshifter) (D:14)
  68 yaks
  Grum (D:8)
  4 basilisks
  3 hungry ghosts
  3 mottled dragons
  6 wargs
  A naga (Snake:1)
  2 wyverns
  2 sky beasts
  25 wolves
  40 orc warriors
  16 porcupines
  9 water moccasins
  2 slaves (D:7)
  An eye of draining (D:11)
  2 black bears
  4 phantoms
  A wasp (Lair:5)
  The ghost of bezhaha the Insei, an amateur DgTm (D:3)
  4 ice beasts
  11 centaurs
  An elf zombie (D:4)
  Blork the orc (D:5)
  18 giant frogs
  16 crocodiles
  19 ogres
  A wyvern zombie (D:13)
  2 big kobolds
  3 elf skeletons (D:4)
  4 wyvern skeletons
  4 scorpions
  A water moccasin skeleton (D:6)
  6 killer bees (D:14)
  14 wights
  6 crimson imps
  A centaur zombie (D:11)
  A giant frog zombie (D:13)
  6 iguanas
  Crazy Yiuf (D:5)
  Ijyb (D:2)
  9 hounds
  A human skeleton (D:4)
  26 orc wizards
  A giant frog skeleton (D:10)
  3 jellies
  41 orc priests
  Jessica (D:7)
  3 centaur skeletons
  3 quasits
  11 worker ants
  Terence (D:2)
  A killer bee zombie (D:6)
  9 sheep
  A hound zombie (D:8)
  8 mummies (Ossuary)
  7 gnolls
  3 worker ant zombies (D:6)
  17 adders
  51 river rats
  3 shadow imps
  12 white imps (Lair:1)
  4 oozes
  An adder skeleton (D:6)
  An adder zombie (D:6)
  5 worms
  7 giant geckos
  191 orcs
  A ball python (D:5)
  6 bats
  8 goblins
  4 hobgoblins
  5 jackals
  7 quokkas
  2 giant cockroaches
  4 giant newts
  2 gnoll zombies (Ossuary)
  2 hobgoblin zombies (Ossuary)
  2 jackal skeletons
  11 kobolds
  2 kobold zombies (Ossuary)
  An orc skeleton (D:4)
  2 orc zombies (Ossuary)
  8 rats
  A bush (Lair:8)
  4 fungi
  10 plants
991 creatures vanquished.

Vanquished Creatures (others)
  A naga ritualist (Snake:1)
  An orc priest (Orc:4)
  2 bushes
  16 fungi
  8 plants
28 creatures vanquished.

Grand Total: 1019 creatures vanquished

Notes
Turn   | Place    | Note
--------------------------------------------------------------
     0 | D:1      | Kloppie the Deep Dwarf Venom Mage began the quest for the Orb.
     0 | D:1      | Reached XP level 1. HP: 15/15 MP: 3/3
   169 | D:1      | Reached skill level 1 in Fighting
   473 | D:1      | Reached XP level 2. HP: 5/25 MP: 0/4
   802 | D:2      | Noticed Sigmund
   823 | D:2      | Noticed Ijyb
   853 | D:2      | Killed Ijyb
   853 | D:2      | Reached skill level 1 in Short Blades
   853 | D:2      | Reached skill level 1 in Armour
   853 | D:2      | Reached XP level 3. HP: 22/32 MP: 1/5
  1169 | D:2      | Noticed Terence
  1206 | D:2      | Killed Terence
  1206 | D:2      | Reached XP level 4. HP: 20/39 MP: 6/6
  2188 | D:3      | Reached XP level 5. HP: 40/46 MP: 7/7
  2263 | D:3      | Noticed bezhaha's ghost (amateur DgTm)
  2317 | D:3      | Killed bezhaha's ghost
  2477 | D:3      | Reached XP level 6. HP: 30/56 MP: 8/8
  2930 | D:4      | Found a glowing golden altar of the Shining One.
  3085 | D:4      | Reached skill level 1 in Axes
  3093 | D:4      | Found a staircase to the Ecumenical Temple.
  3105 | D:4      | Reached skill level 4 in Armour
  3134 | Temple   | Entered the Ecumenical Temple
  3141 | Temple   | Became a worshipper of Makhleb the Destroyer
  3261 | D:4      | Found a sand-covered staircase.
  3284 | D:4      | Reached XP level 7. HP: 45/63 MP: 9/9
  3289 | Ossuary  | Entered an ossuary
  3812 | D:4      | Reached skill level 5 in Armour
  3907 | D:4      | Reached * piety under Makhleb
  4167 | D:5      | Entered Level 5 of the Dungeon
  4229 | D:5      | Got a fine mace
  4271 | D:5      | Noticed Blork the orc
  4284 | D:5      | Killed Blork the orc
  4354 | D:5      | Reached XP level 8. HP: 46/73 MP: 8/8
  4643 | D:5      | Found Gukkef's Jewellery Shop.
  5094 | D:5      | Noticed Crazy Yiuf
  5122 | D:5      | Killed Crazy Yiuf
  5122 | D:5      | Reached skill level 5 in Fighting
  5122 | D:5      | Reached skill level 6 in Armour
  5257 | D:2      | Killed Sigmund
  5257 | D:2      | Reached skill level 5 in Axes
  5539 | D:6      | Found a stormy altar of Qazlal.
  5786 | D:5      | Bought the amulet of Cekugob {Ward -Tele rElec rPois rN++ AC+1 EV+1} for 522 gold pieces
  5948 | D:6      | Reached skill level 7 in Armour
  5963 | D:6      | Reached ** piety under Makhleb
  6094 | D:6      | Gained mutation: You passively map the area around you. [Deep Dwarf growth]
  6094 | D:6      | Reached XP level 9. HP: 69/82 MP: 8/8
  6655 | D:7      | Noticed Prince Ribbit
  6685 | D:6      | Killed Prince Ribbit
  6830 | D:7      | Reached skill level 8 in Armour
  6831 | D:7      | Reached *** piety under Makhleb
  7113 | D:7      | Noticed Pikel
  7142 | D:7      | Killed Pikel
  7344 | D:7      | Noticed Jessica
  7353 | D:7      | Found a deep blue altar of Sif Muna.
  7361 | D:7      | Killed Jessica
  7480 | D:7      | Found a shadowy altar of Dithmenos.
  7564 | D:8      | Identified 2 scrolls of acquirement
  7595 | D:8      | Reached skill level 9 in Armour
  7595 | D:8      | Reached XP level 10. HP: 63/94 MP: 9/9
  7661 | D:8      | Found an ancient bone altar of Kikubaaqudgha.
  7793 | D:8      | Noticed Grum
  7822 | D:8      | Killed Grum
  7843 | D:8      | Reached **** piety under Makhleb
  8100 | D:8      | Noticed a hill giant
  8111 | D:8      | Killed a hill giant
  8209 | D:8      | Reached skill level 10 in Axes
  8380 | D:9      | Reached skill level 10 in Armour
  8410 | D:9      | Noticed a purple ugly thing
  8437 | D:8      | Found an iron altar of Okawaru.
  8437 | D:8      | Noticed Joseph
  8465 | D:8      | Killed Joseph
  8725 | D:9      | Reached skill level 11 in Axes
  8963 | D:9      | Noticed bezhaha's ghost (novice DgTm)
  9061 | D:9      | Killed bezhaha's ghost
  9061 | D:9      | Reached XP level 11. HP: 82/104 MP: 10/10
  9112 | D:9      | Killed a purple ugly thing
  9146 | D:9      | Reached skill level 1 in Invocations
  9419 | D:9      | Reached skill level 12 in Axes
  9560 | D:10     | Entered Level 10 of the Dungeon
  9560 | D:10     | Found a shimmering altar of Xom.
  9610 | D:10     | Noticed a hill giant
  9680 | D:9      | Reached ***** piety under Makhleb
  9770 | D:10     | Identified the +9 mace of Havomped {freeze, Int+4 Dex-2} (You found it on level 5 of the Dungeon)
  9829 | D:10     | Got a faintly humming hat
  9955 | D:10     | Identified the +2 hat of Vuyq {MP-9 Str+3} (You acquired it on level 10 of the Dungeon)
 10074 | D:10     | Killed a hill giant
 10397 | D:10     | Noticed a hill giant
 10647 | D:11     | Noticed a hill giant
 10662 | D:11     | Killed a hill giant
 10662 | D:11     | Reached skill level 13 in Axes
 10718 | D:11     | Reached skill level 5 in Invocations
 10766 | D:11     | Found a staircase to the Lair.
 10926 | D:11     | Reached skill level 10 in Fighting
 11705 | D:11     | Killed an unseen horror
 11705 | D:11     | Reached skill level 14 in Axes
 11852 | Lair:1   | Entered Level 1 of the Lair of Beasts
 11964 | Lair:1   | Reached ****** piety under Makhleb
 11964 | Lair:1   | Reached XP level 12. HP: 83/116 MP: 8/8
 12048 | Lair:1   | Found a frozen archway.
 12083 | IceCv    | Entered an ice cave
 12596 | IceCv    | Reached skill level 5 in Dodging
 12602 | IceCv    | Reached skill level 15 in Axes
 13011 | IceCv    | Noticed a frost giant
 13046 | IceCv    | HP: 6/120 [frost giant/battleaxe of freezing (27)]
 13051 | IceCv    | Killed a frost giant
 13558 | Lair:1   | Reached XP level 13. HP: 86/127 MP: 8/8
 15004 | Lair:3   | Reached skill level 5 in Poison Magic
 15802 | Lair:4   | Found a staircase to the Shoals.
 17121 | Lair:5   | Found a staircase to the Snake Pit.
 17663 | Lair:6   | Gained mutation: You resist negative energy. [Deep Dwarf growth]
 17663 | Lair:6   | Reached XP level 14. HP: 113/139 MP: 8/8
 18223 | Lair:7   | Found a staircase to the Slime Pits.
 18236 | Lair:7   | Reached skill level 10 in Dodging
 18840 | Lair:7   | Got a vibrating glass ring
 19440 | D:12     | Reached skill level 1 in Conjurations
 19542 | D:12     | Found a glowing silver altar of Zin.
 19545 | D:12     | You fall through a shaft for 3 floors!
 19545 | D:15     | Entered Level 15 of the Dungeon
 19587 | D:14     | Identified the ring "Odiurche" {SustAt rN+ Dex+3} (You found it on level 7 of the Lair of Beasts)
 19675 | D:14     | Found a gate to the Vaults.
 19931 | D:13     | Found a portal to a secret trove of treasure.
 20164 | D:13     | Reached skill level 10 in Poison Magic
 20925 | D:12     | Found a staircase to the Orcish Mines.
 21319 | Orc:1    | Entered Level 1 of the Orcish Mines
 21359 | Orc:1    | Learned a level 5 spell: Venom Bolt
 21789 | Orc:2    | Found Voadduth's Book Emporium.
 22308 | Orc:3    | Noticed Urug
 22324 | Orc:3    | Killed Urug
 22374 | Orc:3    | Found a dark tunnel.
 22388 | Volcano  | Entered a volcano
 22912 | Orc:3    | Found Miegef's Food Shop.
 23111 | Orc:4    | Entered Level 4 of the Orcish Mines
 23737 | Orc:4    | Found a staircase to the Elven Halls.
 23819 | Orc:4    | Reached XP level 15. HP: 135/147 MP: 9/9
 24161 | Orc:4    | Reached skill level 5 in Conjurations
 24296 | Orc:4    | Noticed an orc warlord
 24334 | Orc:4    | Killed an orc warlord
 24411 | Orc:4    | Found Eruleint's Gadget Shoppe.
 24430 | Orc:4    | Found a roughly hewn altar of Beogh.
 24441 | Orc:4    | Found Huunith's Weapon Emporium.
 24586 | Orc:4    | Found Qucs's Assorted Antiques.
 24608 | Orc:4    | Found Wimokh's Food Shoppe.
 24662 | Orc:4    | Found a roughly hewn altar of Beogh.
 25342 | Lair:8   | Entered Level 8 of the Lair of Beasts
 26497 | Lair:8   | HP: 1/147 [dire elephant (15)]
 27267 | Snake:1  | Entered Level 1 of the Snake Pit
 27393 | Snake:1  | Got a crude ring mail
 27448 | Snake:1  | Noticed Frances
 27495 | Snake:1  | HP: 6/147 [Frances/short sword (16)]
 27507 | Snake:1  | HP: 4/147 [Frances/short sword (18)]
 27510 | Snake:1  | Mangled by a black mamba

Action                   |  1- 3 |  4- 6 |  7- 9 | 10-12 | 13-15 || total
-------------------------+-------+-------+-------+-------+-------++-------
Melee: Unarmed           |    10 |       |       |       |       ||    10
       Hand axe          |    70 |   436 |   758 |       |       ||  1264
       War axe           |       |       |   171 |   834 |       ||  1005
       Battleaxe         |       |       |       |   724 |  1908 ||  2632
       Mace              |       |       |       |       |    42 ||    42
 Cast: Sting             |    23 |       |       |       |    19 ||    42
       Venom Bolt        |       |       |       |       |    10 ||    10
Invok: Lesser Servant of |       |       |       |     2 |       ||     2
 Abil: Device Recharging |       |       |     3 |     6 |     4 ||    13
Evoke: Wand              |     1 |     6 |    20 |    35 |    26 ||    88
  Use: Scroll            |       |       |    21 |    12 |    11 ||    44
       Potion            |       |       |       |     1 |     1 ||     2
 Stab: Invisible         |       |       |     4 |       |       ||     4
       Paralysed         |       |       |       |     6 |       ||     6
       Distracted        |       |       |       |     1 |     2 ||     3
       Sleeping          |       |       |       |       |    12 ||    12
  Eat: Chunk             |     1 |     8 |    15 |    18 |    45 ||    87
       Beef jerky        |       |       |     1 |     1 |     2 ||     4
       Bread ration      |       |       |       |     3 |     1 ||     4
       Fruit             |       |       |       |     2 |     2 ||     4
       Pizza             |       |       |       |     2 |       ||     2
